 Crawl Stoat Soup version 0.23-ish-327-95-g181beea39d (console) character file.

45 damerell the Chiller (level 3, -4/29 HPs)
             Began as a Hill Orc Ice Elementalist on Apr 8, 2024.
             Slain by Sigmund
             ... wielding a +2 scythe of protection
              (13 damage)
             ... on level 2 of the Dungeon on Apr 11, 2024.
             The game lasted 00:07:05 (2240 turns).

damerell the Chiller (Hill Orc Ice Elementalist)    Turns: 2240, Time: 00:07:06

Health: -4/29      AC:  4    Str:  8 (11) XL:     3   Next: 64%
Magic:  4/5        EV: 11    Int: 12 (15) God:
Gold:   46         SH:  0    Dex:  8 (11) Spells: 1/5 levels left

rFire    . . .     SeeInvis .   q - +0 mace
rCold    . . .     Gourm    .   (no shield)
rNeg     . . .     Faith    .   a - +0 robe
rPois    .         Spirit   .   (no helmet)
rElec    .         Warding  .   s - +1 cloak
rCorr    .         Reflect  .   (no gloves)
MR       .....     Harm     .   (no boots)
Stlth    +.........             (no amulet)
HPRegen  0.09/turn              (no ring)
MPRegen  0.09/turn              (no ring)

@: no status effects
A: no striking features
a: no special abilities


You were on level 2 of the Dungeon.
You were not hungry.

You visited 1 branch of the dungeon, and saw 2 of its levels.

You collected 46 gold pieces.

Inventory:

Hand Weapons
 q - a +0 mace (weapon)
   (You found it on level 2 of the Dungeon)
Missiles
 d - 52 bolts
 f - 9 stones (quivered)
Armour
 a - a +0 robe (worn)
 s - a +1 cloak (worn)
   (You found it on level 2 of the Dungeon)
Scrolls
 g - a scroll of immolation
 h - a scroll of teleportation {unknown}
 j - a scroll of remove curse {unknown}
 l - a scroll of random uselessness {unknown}
 m - a scroll of fear {unknown}
 n - a scroll of identify {unknown}
 p - a scroll of amnesia {unknown}
Potions
 b - a potion of curing
Comestibles
 c - 2 bread rations
 i - a meat ration
 k - 2 fruits
 r - 2 chunks of flesh


   Skills:
 + Level 2.2 Fighting
 + Level 1.7 Dodging
 - Level 1.5 Stealth
 + Level 1.7 Spellcasting
   Level 1.0 Conjurations
 + Level 0.4 Charms
 - Level 3.2 Ice Magic


You had one spell level left.
You knew the following spells:

 Your Spells              Type           Power        Failure   Level  Hunger
a - Freeze                Ice            8/25         8%          1    ##.....
b - Ozocubu's Armour      Chrm/Ice       5/100        36%         3    ####...

Your spell library contained the following spells:

 Spells                   Type           Power        Failure   Level  Hunger
 Throw Frost              Conj/Ice       6/50         19%         2    ###....
 Throw Icicle             Conj/Ice       6/100        75%         4    #####..
 Summon Ice Beast         Ice/Summ       4/100        82%         4    #####..


Dungeon Overview and Level Annotations

Branches:
Dungeon (2/15)

Altars:
Sif Muna
Yredelemnul
The Shining One

Annotations:
D:2 Sigmund


Message History

Unknown command.
d - 52 bolts (gained 20)
A ball python comes into view.
Sigmund the Dreaded comes into view.
He is wielding a scythe of protection.
The ball python hisses angrily.
Unknown command.
Casting: Freeze (safe; 6% risk of failure)
Confirm with . or Enter, or press ? or * to list all spells.
Aiming: Freeze (safe; 6% risk of failure)
Press: ? - help, Shift-Dir - straight line, f - ball python
Aim: a ball python You freeze the ball python.
The ball python is moderately wounded.
The ball python seems to slow down.
The ball python is no longer moving slowly.
The ball python bites you but does no damage.
The ball python closely misses you.
Casting: Freeze (safe; 6% risk of failure)
Confirm with . or Enter, or press ? or * to list all spells.
Aiming: Freeze (safe; 6% risk of failure)
Press: ? - help, Shift-Dir - straight line, f/p - ball python
Aim: a ball python (moderately wounded)
You freeze the ball python.
The ball python is severely wounded.
The ball python bites you but does no damage.
The ball python barely misses you.
Casting: Freeze (safe; 6% risk of failure)
Confirm with . or Enter, or press ? or * to list all spells.
Aiming: Freeze (safe; 6% risk of failure)
Press: ? - help, Shift-Dir - straight line, f/p - ball python
Aim: a ball python (severely wounded)
You freeze the ball python.
You kill the ball python!
You start resting.
Some of the chunks of flesh in your inventory have rotted away.
Magic restored.
Found a bread ration.
Found 13 gold pieces.
You open the door.
Found a glowing golden altar of the Shining One.
There is an open door here.
You open the door.
Found a scroll labeled OWO US YVUPA.
Found a basalt altar of Yredelemnul.
There is an open door here.
There is an open door here.
There is an open door here.
c - 2 bread rations (gained 1)
A goblin comes into view. It is wielding a club.
The goblin shouts!
Throwing (i - inventory)
f - 9 stones (quivered)
Press: ? - help, Shift-Dir - straight line, f - goblin
Aim: a goblin, wielding a club You throw a stone.
The stone hits the goblin.
The goblin is heavily wounded.
Throwing (i - inventory)
f - 8 stones (quivered)
Press: ? - help, Shift-Dir - straight line, f/p - goblin
Aim: a goblin, wielding a club (heavily wounded)
You throw a stone.
The stone hits the goblin but does no damage.
The goblin is heavily wounded.
Throwing (i - inventory)
f - 7 stones (quivered)
Press: ? - help, Shift-Dir - straight line, f/p - goblin
Aim: a goblin, wielding a club (heavily wounded)
You throw a stone. The stone hits the goblin.
You kill the goblin!
An ooze comes into view.
Found a chain mail.
Found a deep blue altar of Sif Muna.
Sigmund shouts!
Sigmund casts a spell at you. You resist with significant effort.
Found a shiny wooden wand.
Unknown command.
f - 7 stones (gained 1)
Things that are here:
a club; a goblin corpse
f - 8 stones (gained 1) Sigmund casts a spell at you.
You are confused.
Unknown command.
Okay, then.
You bump into the metal wall.
f - 9 stones (gained 1) You're too confused to move!
Sigmund mumbles some strange words.
Sigmund flickers and vanishes!
Deactivating autopickup; reactivate with Ctrl-A.
It was a potion of curing.
You feel better.
It was a potion of magic.
Magic courses through your body. Something hits you!
Ouch! That really hurt!
It was a potion of degeneration.
There was something very wrong with that liquid.
You feel weakened.
You feel dopey.
You feel clumsy. Something hits you.
Casting: Freeze (safe; 8% risk of failure)
Confirm with . or Enter, or press ? or * to list all spells.
Aiming: Freeze (safe; 8% risk of failure)
Press: ? - help, Shift-Dir - straight line There's nothing close enough!
Something hits you!
You die... ▓...▓▓#{# ▓▓.▓▓.@.# #. ##### .

There were no monsters in sight!

Vanquished Creatures
  An ooze (D:1)
  2 dart slugs
  A giant cockroach (D:1)
  9 goblins
  4 hobgoblins
  A jackal (D:1)
  7 kobolds (D:1)
  A weasel (D:2)
  3 ball pythons
  2 bats (D:1)
  A frilled lizard (D:1)
32 creatures vanquished.

Notes
Turn   | Place    | Note
-------+----------+-------------------------------------------
     0 | D:1      | damerell the Hill Orc Ice Elementalist began the quest for
                  | the Orb.
     0 | D:1      | Reached XP level 1. HP: 14/14 MP: 3/3
   126 | D:1      | HP: 4/15 [kobold/short sword (1)]
   149 | D:1      | Reached skill level 1 in Fighting
   182 | D:1      | HP: 5/16 [hobgoblin (2)]
   186 | D:1      | Reached skill level 3 in Ice Magic
   186 | D:1      | Reached XP level 2. HP: 7/23 MP: 0/4
  1069 | D:1      | Reached XP level 3. HP: 19/29 MP: 0/5
  1093 | D:1      | Learned a level 3 spell: Ozocubu's Armour
  2124 | D:2      | Noticed Sigmund
  2187 | D:2      | Found a glowing golden altar of the Shining One.
  2192 | D:2      | Found a basalt altar of Yredelemnul.
  2196 | D:2      | Noticed a profane servitor
  2223 | D:2      | Found a deep blue altar of Sif Muna.
  2238 | D:2      | HP: 9/29 [something (5)]
  2240 | D:2      | Slain by Sigmund

Vault maps used:
D:1:      nzn_arrival_water_spiral, hangedman_decor_riveting,
          minmay_tetromino_l2
D:2:      grunt_temple_overflow_holy_war, lemuel_round_altar, first_bread,
          minmay_split_cup_small, uniq_jessica, uniq_crazy_yiuf_cottage,
          uniq_sigmund

Skill      XL: |  1  2 |
---------------+-------+-----
Fighting       | 1 2 |  2.2
Ice Magic      | 3 |  3.2
Dodging        | |  1.7
Stealth        | |  1.5
Spellcasting   | |  1.7
Conjurations   | |  1.0
Charms         | |  0.4

Action                   || total
-------------------------++-------
Melee: Unarmed           ||    13
Throw: Stone             ||    23
 Cast: Freeze            ||    54
  Use: Potion            ||     3
       Scroll            ||     1
  Eat: Chunk             ||     5
Armor: Robe              ||    10
Dodge: Dodged            ||    24

Table legend:
 A = Spawn XP
 B = Non-spawn XP
 C = Spawn XP percentage of total XP
 D = Spawn monster count
 E = Non-spawn monster count
 F = Spawn count percentage of total count
 G = Total turns spent on level
                    A         B        C        D         E        F      G
               +---------+---------+-------+---------+---------+-------+---------
         Total |       4 |      61 |   6.2 |       3 |      29 |   9.4 |  2240
               +---------+---------+-------+---------+---------+-------+---------
           D:1 |       4 |      49 |   7.5 |       3 |      23 |  11.5 |  1893
           D:2 |       0 |      12 |   0.0 |       0 |       6 |   0.0 |   347
               +---------+---------+-------+---------+---------+-------+---------
